 Dungeon Crawl Stone Soup version 0.20-a0-970-gcd8f41e (webtiles) character file.

166 Murumi the Covert (level 5, -3/45 HPs)
             Began as a Naga Assassin on Apr 8, 2017.
             Slain by Banto's ghost (8 damage)
             ... on level 3 of the Dungeon.
             The game lasted 00:11:57 (3546 turns).

Murumi the Covert (Naga Assassin)                   Turns: 3546, Time: 00:11:57

Health: -3/45      AC:  6    Str: 14    XL:     5   Next: 47%
Magic:  5/5        EV: 10    Int: 11    God:
Gold:   172        SH:  0    Dex: 13    Spells: 4/4 levels left

rFire    x . .     SeeInvis +   a - +2 dagger
rCold    + . .     Gourm    .   (no shield)
rNeg     . . .     Faith    .   c - +0 robe
rPois    +         Spirit   .   h - +2 helmet
rElec    .         Reflect  .   d - +0 cloak
rCorr    .         Harm     .   (no gloves)
MR       .....                  (no barding)
Stlth    ++++......             (no amulet)
Regen    0.2/turn               o - ring of ice
MPRegen  0.1/turn               (no ring)

@: very slow
A: see invisible, deformed body, poison resistance, slowness 2, slow metabolism
1, spit poison 1, AC +1
a: Spit Poison


You were on level 3 of the Dungeon.
You were very hungry.

You visited 1 branch of the dungeon, and saw 3 of its levels.

You collected 172 gold pieces.

Inventory:

Hand Weapons
 a - a +2 dagger (weapon)
 b - a +0 blowgun
Missiles
 e - 50 poisoned needles
 f - 2 curare-tipped needles
 j - 83 stones
 l - 5 tomahawks (quivered)
 r - a throwing net
Armour
 c - a +0 robe (worn)
 d - a +0 cloak (worn)
 h - a +2 helmet (worn)
Jewellery
 o - a ring of ice (left hand)
Scrolls
 m - 3 scrolls of identify
 n - 4 scrolls of remove curse
 p - 2 scrolls of teleportation
 q - a scroll of enchant armour
Comestibles
 g - 3 bread rations
 k - 3 fruits


   Skills:
 - Level 2.0 Fighting
 - Level 2.0 Short Blades
 - Level 2.0 Throwing
 - Level 2.0 Dodging
 + Level 9.1 Stealth


You had 4 spell levels left.
You didn't know any spells.

Dungeon Overview and Level Annotations

Branches:
Dungeon (3/15)

Altars:
Nemelex Xobeh
Okawaru
Qazlal
Trog
Uskayaw
Yredelemnul

Annotations:
D:3 Banto's ghost, amateur DsGl


Innate Abilities, Weirdness & Mutations

You cannot wear boots.
Your serpentine skin is tough. (AC +1)
You have supernaturally acute eyesight. (SInv)
Armour fits poorly on your strangely shaped body.
Your system is resistant to poisons. (rPois)
You cover ground very slowly.
You have a slow metabolism.
You can spit poison.


Message History

The splash of poison misses Banto's ghost.
You feel slightly more hungry. Banto's ghost hits you.
You barely miss Banto's ghost.
Banto's ghost is lightly damaged.
You hit Banto's ghost.
Banto's ghost is moderately damaged.
Banto's ghost hits you.
You hit Banto's ghost.
Banto's ghost is moderately damaged.
Banto's ghost hits you.
* * * LOW HITPOINT WARNING * * *
You closely miss Banto's ghost.
Banto's ghost is moderately damaged.
Banto's ghost hits you!
* * * LOW HITPOINT WARNING * * *
You miss Banto's ghost.
Banto's ghost is moderately damaged.
You have got your breath back.
Banto's ghost hits you!
You die...

....### #.....# ......#
####.#...# ....#.#
#....#...# ....#.#
#.##.##### #...#.# ###.##.#
#...#.####...##.######
.####.........#......##
..###.................##
................@......#
................W......#
..##.............[.....#
..###..................#****
........................,,,*
........................,,,*
...##...................,,,*
.....##.#...............,,,*
..##..#........,****,,,,,,,*


You could see Banto's ghost.

Vanquished Creatures
  4 gnolls
  5 adders
  An ooze (D:1)
  A worm (D:2)
  3 dart slugs
  2 leopard geckos (D:2)
  8 bats
  7 giant cockroaches
  3 hobgoblins
  2 quokkas (D:2)
  2 ball pythons
  A frilled lizard (D:1)
  10 goblins
  12 kobolds
  9 rats
  A spectral orc (D:2)
71 creatures vanquished.

Notes
Turn   | Place    | Note
-------+----------+-------------------------------------------
     0 | D:1      | Murumi the Naga Assassin began the quest for the Orb.
     0 | D:1      | Reached XP level 1. HP: 19/19 MP: 1/1
     5 | D:1      | Reached skill level 6 in Stealth
    13 | D:1      | Reached skill level 1 in Dodging
   130 | D:1      | Reached XP level 2. HP: 24/26 MP: 2/2
   509 | D:1      | Reached XP level 3. HP: 23/32 MP: 3/3
  1391 | D:1      | HP: 1/32 [gnoll/whip (3)]
  1395 | D:1      | Reached skill level 7 in Stealth
  1395 | D:1      | Reached XP level 4. HP: 9/39 MP: 4/4
  2064 | D:2      | Found a hide-covered altar of Uskayaw.
  2067 | D:2      | Noticed a dagger
  2068 | D:2      | Noticed a dagger
  2083 | D:2      | Found a bloodstained altar of Trog.
  2159 | D:2      | Reached skill level 8 in Stealth
  2187 | D:2      | Reached XP level 5. HP: 27/45 MP: 5/5
  2526 | D:2      | Found a basalt altar of Yredelemnul.
  2667 | D:3      | Noticed Banto's ghost (amateur DsGl)
  2947 | D:3      | Found an iron altar of Okawaru.
  2948 | D:3      | Found a stormy altar of Qazlal.
  3297 | D:3      | Found a sparkling altar of Nemelex Xobeh.
  3337 | D:3      | Reached skill level 9 in Stealth
  3546 | D:3      | Slain by Banto's ghost

Vault maps used:
D:1:      onia_arrival_handbag
D:2:      kennysheep_big_flooded_room, dancing_weapons_uskayaw,
          lightli_temple_of_fire, yredelemnul_forgotten_temple_becter,
          first_bread
D:3:      gammafunk_temple_overflow_pools, nemelex_spade_bored_becter

Skill      XL: |  1  2  3  4  5 |
---------------+----------------+-----
Stealth        | 6 7 8 9 |  9.1
Dodging        | 1 2 |  2.0
Throwing       | 2 |  2.0
Fighting       | |  2.0
Short Blades   | |  2.0

Action                   |  1- 3 |  4- 6 || total
-------------------------+-------+-------++-------
Melee: Dagger            |   105 |   144 ||   249
 Fire: Blowgun           |       |     4 ||     4
 Abil: Spit Poison       |     2 |    14 ||    16
  Use: Scroll            |     2 |     4 ||     6
       Potion            |     1 |     2 ||     3
 Stab: Sleeping          |     9 |    15 ||    24
       Distracted        |       |     1 ||     1
  Eat: Chunk             |     1 |     5 ||     6
Armor: Robe              |    27 |    40 ||    67
Dodge: Dodged            |    44 |    69 ||   113
